 Dungeon Crawl Stone Soup version 0.14-a0-2881-g20de702 (webtiles) character file.

2384 gothescalcus the Covert (level 9, -2/43 HPs)
             Began as a Vine Stalker Assassin on Feb 28, 2014.
             Was a Believer of Dithmenos.
             Slain by a killer bee (5 damage)
             ... on Level 7 of the Dungeon.
             The game lasted 00:38:52 (6238 turns).

gothescalcus the Covert (Vine Stalker Assassin)     Turns: 6238, Time: 00:38:52

HP  -2/43        AC  3     Str 15      XL: 9   Next: 37%
MP   0/12        EV 15     Int 14      God: Dithmenos [**....]
Gold 142         SH  0     Dex 15      Spells:  0 memorised,  8 levels left

rFire  + + .     SeeInvis +     b - +0 blowgun
rCold  . . .     Clarity  .     M - -2 robe of Sif Muna's Hope {rElec rF++ SInv Stlth++}
rNeg   . . .     Conserve .     (no shield)
rPois  .         rCorr    .     E - +0 helmet
rElec  +         rRot     +     d - +0 cloak
SustAb . .       Spirit   +     (no gloves)
rMut   .         Warding  .     t - +0 pair of boots
Saprov . . .     Stasis   .     (no amulet)
MR     +....                    O - ring of sustenance
                                u - ring of regeneration

@: mildly poisoned, very slightly contaminated, wreathed by umbra, somewhat
resistant to hostile enchantments, extraordinarily stealthy
A: fangs 3, regeneration 2, magic shield, antimagic bite, no device heal
a: Shadow Step, Renounce Religion


You were on level 7 of the Dungeon.
You worshipped Dithmenos.
Dithmenos was pleased with you.
You were not hungry.

You visited 2 branches of the dungeon, and saw 8 of its levels.
You also visited: Sewer.

You collected 376 gold pieces.
You spent 234 gold pieces at shops.

Inventory:

Hand weapons
 a - a +2,+3 dagger
 b - a +0 blowgun (weapon)
 o - a +2,+0 mace of protection
 K - a +1,+2 falchion of slicing
 N - a +2,+0 war axe of draining
 Q - a +1,+1 dagger of venom
Missiles
 e - a poisoned needle (quivered)
 h - 4 poisoned javelins
 i - 93 darts
 k - 27 darts of frost
 I - 3 tomahawks
 L - 4 tomahawks of returning
 T - 5 javelins
Armour
 c - a +0 robe
 d - a +0 cloak (worn)
 t - a +0 pair of boots (worn)
 E - a +0 helmet (worn)
 M - the -2 robe of Sif Muna's Hope (worn) {rElec rF++ SInv Stlth++}
   (You bought it in a shop on level 4 of the Dungeon)

   It greatly protects you from fire.
   It insulates you from electricity.
   It enhances your eyesight.
   It makes you much more stealthy.
Magical devices
 m - a wand of paralysis (9)
 J - a wand of digging (8)
Comestibles
 g - 6 bread rations
 n - 3 apples
 s - a pear
 C - 4 meat rations
 F - an apricot
 P - a slice of pizza
Scrolls
 r - a scroll of amnesia
 y - a scroll of recharging
 z - a scroll of magic mapping
 R - 2 scrolls of remove curse
Jewellery
 u - a ring of regeneration (left hand)
 H - an uncursed ring of protection from magic
 O - a ring of sustenance (right hand)
Potions
 j - a potion of resistance {unknown}
 l - 2 potions of might
 p - 2 potions of restore abilities
 q - a potion of flight
 A - a potion of agility
 B - 4 potions of curing
 G - 5 potions of heal wounds
Books
 S - a book of the Warp

   Spells                             Type                      Level
   Control Teleport                   Charms/Translocation         4
   Phase Shift                        Translocation                5
   Warp Weapon                        Charms/Translocation         5
   Summon Forest                      Summoning/Translocation      5
   Dispersal                          Translocation                6
   Controlled Blink                   Translocation                7
   Disjunction                        Translocation                8


   Skills:
 + Level 2.9 Fighting
 + Level 4.3 Short Blades
 + Level 2.2 Long Blades
 + Level 5.0 Throwing
 + Level 5.7 Dodging
 + Level 9.7 Stealth
 + Level 0.4 Evocations


You had 8 spell levels left.
You didn't know any spells.

Dungeon Overview and Level Annotations

Branches:
Dungeon (7/16)             Temple (1/1) D:6

Altars:
Ashenzari
Cheibriados
Dithmenos
Elyvilon
Fedhas
Kikubaaqudgha
Makhleb
Nemelex Xobeh
Okawaru
Sif Muna
Trog
Vehumet
Xom
Yredelemnul
Zin
The Shining One

Shops:
D:4 [

Annotations:
D:3 lorenzova's ghost, average SpEn


Innate Abilities, Weirdness & Mutations

You have razor-sharp teeth.
You heal very quickly.
When hurt, damage is shared between your health and your magic reserves.
Your bite disrupts and absorbs the magic of your enemies.
Potions and wands cannot restore your HP.


Message History

The killer bee misses you. The killer bee stings you.
* * * LOW HITPOINT WARNING * * *
The killer bee barely misses you.
Firing (i - inventory. (,) - cycle):
e - 2 poisoned needles (quivered)
Press: ? - help, Shift-Dir - straight line, f/p - killer bee
Aim: a killer bee (moderately wounded, poisoned, umbra)
You shoot a poisoned needle.
The poisoned needle misses the killer bee.
The killer bee stings you.
* * * LOW HITPOINT WARNING * * *
The killer bee closely misses you. The killer bee closely misses you.
The killer bee looks more healthy.
The killer bee closely misses you. The killer bee stings you!
* * * LOW HITPOINT WARNING * * *
You are poisoned.
The killer bee poisons you!
* * * LOW HITPOINT WARNING * * *
You feel sick. The killer bee stings you!
You die...

...# #.#.###....# ...#
#.#.#......# ### ...# #+#
#.#.#......#####.. #### #.#
#.#.#.............
#.######.#.#......#####[.
#........#.#......#####..
#..#####.#.#.....?.......
########..##...##.#......##.....
#..........+...@..#......##.#.##
#.######..##..k####......##.#.#
#..##...##...+...<#.#### ##
#.......##...######.#
####.#.....##...# #+#
#o.k.......###(## #.#....#...#
#.# #.#..###...# #ยง#
#o#....#...# #.###


You could see a killer bee.

Vanquished Creatures
  2 hungry ghosts
  Edmund (D:6)
  An orc warrior (D:5)
  A phantom (D:6)
  A black bear (D:7)
  A centaur (D:5)
  An ice beast (D:6)
  A big kobold (Sewer)
  A giant frog (D:5)
  Blork the orc (D:6)
  4 crimson imps
  A jelly (D:5)
  7 orc priests
  A quasit (D:7)
  2 big fish
  A hound (D:4)
  A black bear skeleton (D:7)
  3 iguanas
  5 orc wizards
  Natasha (thrice) (D:6)
  5 worker ants
  13 adders
  A giant mite (D:2)
  2 orc skeletons (D:5)
  5 worms
  4 giant geckos
  An ooze (D:3)
  26 orcs
  A bat skeleton (D:4)
  8 giant cockroaches
  12 goblins
  13 hobgoblins
  6 jackals
  16 kobolds
  2 quokkas
  2 ball pythons
  14 bats
  A giant gecko skeleton (D:4)
  6 giant newts
  A giant spore (D:7)
  2 goblin skeletons
  An orc zombie (D:6)
  14 rats
  3 ballistomycetes (D:7)
198 creatures vanquished.

Notes
Turn   | Place    | Note
--------------------------------------------------------------
     0 | D:1      | gothescalcus, the Vine Stalker Assassin, began the quest for the Orb.
     0 | D:1      | Reached XP level 1. HP: 11/11 MP: 1/1
    62 | D:1      | Reached skill level 5 in Stealth
   274 | D:1      | Reached skill level 1 in Dodging
   274 | D:1      | Reached XP level 2. HP: 9/15 MP: 3/3
   663 | D:2      | Reached XP level 3. HP: 8/18 MP: 2/4
   758 | D:2      | Reached skill level 6 in Stealth
   864 | D:2      | Reached XP level 4. HP: 16/23 MP: 5/5
  1084 | D:2      | Found a radiant altar of Vehumet.
  1097 | D:2      | Found a white marble altar of Elyvilon.
  1100 | D:2      | Found a shadowy altar of Dithmenos.
  1104 | D:2      | Became a worshipper of Dithmenos
  1110 | D:2      | Found a glowing golden altar of the Shining One.
  1532 | D:3      | Noticed lorenzova's ghost (average SpEn)
  1729 | D:3      | Reached XP level 5. HP: 26/26 MP: 7/7
  1830 | D:3      | Noticed a hungry ghost
  2104 | D:3      | Killed a hungry ghost
  2104 | D:3      | Reached skill level 7 in Stealth
  2104 | D:3      | Gained mutation: You heal very quickly. [vine stalker growth]
  2104 | D:3      | Reached XP level 6. HP: 24/30 MP: 6/8
  2937 | D:4      | Reached XP level 7. HP: 35/35 MP: 9/9
  2997 | D:4      | Found Ydem's Armour Emporium.
  3004 | D:4      | Reached skill level 8 in Stealth
  3671 | D:5      | Entered Level 5 of the Dungeon
  3943 | D:5      | Found a glowing drain.
  4020 | Sewer    | Entered a sewer
  4108 | Sewer    | Gained mutation: You have razor-sharp teeth. [vine stalker growth]
  4108 | Sewer    | Reached XP level 8. HP: 35/39 MP: 9/11
  4146 | Sewer    | Found a white marble altar of Elyvilon.
  4454 | D:5      | Acquired Dithmenos' first power
  4463 | D:5      | Reached skill level 9 in Stealth
  4752 | D:4      | Bought the cursed -2 robe of Sif Muna's Hope {rElec rF++ SInv Stlth++} for 234 gold pieces
  4793 | D:6      | Noticed Blork the orc
  4820 | D:6      | Killed Blork the orc
  4877 | D:6      | Noticed Edmund
  4914 | D:6      | Killed Edmund
  5052 | D:6      | Found a staircase to the Ecumenical Temple.
  5069 | Temple   | Entered the Ecumenical Temple
  5172 | D:6      | Reached skill level 5 in Dodging
  5241 | D:6      | Noticed Natasha
  5248 | D:6      | Killed Natasha
  5265 | D:6      | Reached XP level 9. HP: 43/43 MP: 12/12
  5365 | D:6      | Noticed Natasha
  5401 | D:6      | Killed Natasha
  5446 | D:6      | Reached skill level 1 in Long Blades
  5446 | D:6      | Reached skill level 5 in Throwing
  5474 | D:6      | Noticed Natasha
  5477 | D:6      | Killed Natasha
  6238 | D:7      | HP: 2/43 [poisoned by a killer bee]
  6238 | D:7      | Slain by a killer bee

Action                   |  1- 3 |  4- 6 |  7- 9 || total
-------------------------+-------+-------+-------++-------
Melee: Dagger            |    69 |   150 |   174 ||   393
       Short sword       |     8 |       |    31 ||    39
       Falchion          |       |       |   124 ||   124
       War axe           |       |       |     5 ||     5
 Fire: Blowgun           |     5 |    12 |    46 ||    63
Throw: Dart              |     3 |     9 |    27 ||    39
Evoke: Wand              |       |       |     4 ||     4
  Use: Scroll            |     2 |     8 |    16 ||    26
       Potion            |       |       |     3 ||     3
 Stab: Sleeping          |     2 |    14 |    21 ||    37
       Distracted        |       |     2 |     2 ||     4
